 Dungeon Sprint DCSS version 0.29.1-2-gbd0b4ee654 (webtiles) character file.

Game seed: 12409948079414564461

3117 Groucho the Nimble (level 10, -28/81 HPs)
             Began as a Djinni Gladiator on Nov 4, 2022.
             Was an Elder of Qazlal.
             Annihilated by a phantasmal warrior (29 damage)
             ... in the Dungeon (Sprint VII: "The Pits").
             The game lasted 00:05:57 (2688 turns).

Groucho the Nimble (Djinni Gladiator)               Turns: 2688, Time: 00:05:57

Health: -28/81     AC: 11    Str: 18    XL:     10   Next: 14%
Gold:   0          EV: 20    Int: 10    God:    Qazlal [****..] SH:  5 Dex: 17

rFire   + + .      SeeInvis .   q - +1 broad axe (vorpal)
rCold   . . .      Faith    .   (no shield)
rNeg    . . .      Spirit   .   n - +3 ring mail {rC+}
rPois   ∞          Reflect  .   c - +0 helmet
rElec   .          Harm     .   (no cloak)
rCorr   .          Rampage  .   (no gloves)
Will    .....      NoTele   +   (boots unavailable)
Stlth   +.........              (no amulet)
HPRegen 0.23/turn               b - +3 ring of strength
MPRegen 0.00/turn               o - +3 ring of evasion

@: weak-willed, flying, repel missiles
A: sickness immunity, fire resistance 2, cold vulnerability 1, float, innate
caster, HP casting, extra vitality 1
a: Renounce Religion, Upheaval, Elemental Force


You were in the Dungeon.
You worshipped Qazlal.
Qazlal was greatly pleased with you.
You visited 1 branch

Inventory:

Hand Weapons
 l - a +2 mace
 m - a +2 vorpal dire flail
 q - a +1 vorpal broad axe (weapon)
Missiles
 d - 3 throwing nets (quivered)
 e - a javelin
Armour
 c - a +0 helmet (worn)
 n - a +3 ring mail of cold resistance (worn)
Jewellery
 b - a +3 ring of strength (left hand)
 o - a +3 ring of evasion (right hand)
Wands
 k - a wand of flame (33)
Scrolls
 j - a scroll of blinking
Potions
 a - a potion of invisibility
 f - 13 potions of heal wounds
 g - 6 potions of curing
 h - a potion of haste
 i - 3 potions of berserk rage
 p - a potion of brilliance


   Skills:
 + Level 10.6 Fighting
 + Level 9.1 Axes
 - Level 1.5 Throwing
 + Level 10.3 Armour
 + Level 11.8 Dodging
 + Level 9.2 Invocations


You couldn't memorise any spells.
You knew the following spells:

 Your Spells              Type           Power      Damage    Failure   Level
a - Freeze                Ice            0%         1d3       52%         1
b - Searing Ray           Conj           0%         2d4       65%         2
c - Confusing Touch       Hex            0%         N/A       87%         3
d - Portal Projectile     Hex/Tloc       0%         N/A       87%         3
Your spell library was empty.

Dungeon Overview and Level Annotations

Branches:
Dungeon (1/1)

Altars:
Ashenzari
Cheibriados
Dithmenos
Elyvilon
Fedhas
Gozag
Hepliaklqana
Makhleb
Nemelex Xobeh
Okawaru
Qazlal
Ru
Trog
Uskayaw
Wu Jian
Xom
Yredelemnul
Zin
The Shining One
Jiyva
Lugonu


Innate Abilities, Weirdness & Mutations

You are immune to sickness and miasma.
You are immune to poison.
Your flesh is very heat resistant. (rF++)
You are vulnerable to cold. (rC-)
You float through the air rather than walking.
You learn spells naturally, not from books.
Your magical power is your life essence.
You have superior vitality. (+4 MHP)


Message History

The polar bear claws you but does no damage.
The polar bear completely misses you. The phantasmal warrior hits you!
* * * LOW HITPOINT WARNING * * *
Unknown command.
Unknown command.
You feel much better. The phantasmal warrior hits you!!
* * * LOW HITPOINT WARNING * * *
The polar bear is engulfed in freezing vapours.
The polar bear bites you but does no damage.
The polar bear barely misses you. The polar bear closely misses you.
You feel much better.
The phantasmal warrior closely misses you.
The polar bear is engulfed in freezing vapours.
The polar bear goes berserk!
You feel much better.
The polar bear is engulfed in freezing vapours.
The polar bear misses you. The polar bear barely misses you.
The polar bear completely misses you. The phantasmal warrior hits you!!
You slash the polar bear!
You kill the polar bear!
Qazlal accepts your kill.
You hit the phantasmal warrior. The phantasmal warrior hits you!!
* * * LOW HITPOINT WARNING * * *
Unknown command.
Unknown command.
You hack one of the eight-headed hydra's heads off!
The seven-headed hydra grows two more!
You hit the nine-headed hydra.
The nine-headed hydra is severely wounded.
You closely miss the phantasmal warrior.
The nine-headed hydra completely misses you.
The nine-headed hydra barely misses you.
The nine-headed hydra completely misses you.
The nine-headed hydra misses you. The nine-headed hydra bites you!
* * * LOW HITPOINT WARNING * * *
The nine-headed hydra bites you!
* * * LOW HITPOINT WARNING * * *
The nine-headed hydra bites you but does no damage.
The nine-headed hydra barely misses you. x2
The phantasmal warrior hits you!!
You die...

..#))#####'#####''#####
###))##.......##''########
..#))##.......##......+..+
..#..##.......##......+..+
)÷#'###...<...##.....##..##
.....##.......##...###....###
.....##.......##..##........##
#######.......##§○#...#..#...#
..#..###########@.)÷...).....+
..#.############DW#...#..#...#
#.#.#....#..[[##.☼##........##
..#)#)...#..[[##...###....###
#.#.'.)..'..))##.... ##..##
..#)#)...#...)###.... +..+
..[.#....#..))# ##...+..+
############### #######


You could see a nine-headed hydra and a phantasmal warrior.

Vanquished Creatures
  2 flayed ghosts (D)
  Pikel (D)
  A cane toad (D)
  A red devil (D)
  A polar bear (D)
  A blink frog (D)
  A basilisk (D)
  Eustachio (D)
  A steam dragon (D)
  A floating eye (D)
  Pargi (D)
  A lemure (D)
  A crimson imp (D)
  3 orc wizards (D)
  Ijyb (D)
  A hell rat (D)
  An adder (D)
  An ufetubus (D)
  An orc (D)
  An endoplasm (D)
  A giant cockroach (D)
  3 hobgoblins (D)
  2 jackals (D)
  A quokka (D)
  A ball python (D)
  A ball python zombie (D)
  A kobold (D)
  2 rats (D)
35 creatures vanquished.

Notes
Turn   | Place    | Note
-------+----------+-------------------------------------------
     0 | D        | Groucho the Djinni Gladiator began the quest for the Orb.
     0 | D        | Reached XP level 1. HP: 18/18 MP: 0/0
    37 | D        | Found a bloodstained altar of Trog.
    37 | D        | Found a viscous altar of Jiyva.
    37 | D        | Found a hazy altar of Hepliaklqana.
    37 | D        | Found an opulent altar of Gozag.
    38 | D        | Found a glowing golden altar of the Shining One.
    38 | D        | Found a glowing silver altar of Zin.
    38 | D        | Found a basalt altar of Yredelemnul.
    38 | D        | Found a shimmering altar of Xom.
    38 | D        | Found an ornate altar of the Wu Jian Council.
    38 | D        | Found a sacrificial altar of Ru.
    38 | D        | Found a stormy altar of Qazlal.
    38 | D        | Found an iron altar of Okawaru.
    38 | D        | Found a sparkling altar of Nemelex Xobeh.
    38 | D        | Found a burning altar of Makhleb.
    38 | D        | Found a blossoming altar of Fedhas.
    38 | D        | Found a white marble altar of Elyvilon.
    38 | D        | Found a shadowy altar of Dithmenos.
    38 | D        | Found a snail-covered altar of Cheibriados.
    40 | D        | Found a corrupted altar of Lugonu.
    41 | D        | Found a hide-covered altar of Uskayaw.
    41 | D        | Found a broken altar of Ashenzari.
    57 | D        | Became a worshipper of Qazlal Stormbringer
    73 | D        | Reached skill level 1 in Armour
   100 | D        | Reached skill level 4 in Dodging
   100 | D        | Reached XP level 2. HP: 24/24 MP: 0/0
   394 | D        | Noticed a floating eye
   398 | D        | Paralysed by a floating eye for 4 turns
   402 | D        | Reached * piety under Qazlal
   403 | D        | Killed a floating eye
   404 | D        | Reached skill level 5 in Fighting
   404 | D        | Reached skill level 6 in Dodging
   404 | D        | Reached XP level 3. HP: 30/33 MP: 0/0
   404 | D        | Learned a level 1 spell: Freeze
   404 | D        | Reached XP level 4. HP: 35/39 MP: 0/0
   404 | D        | Reached XP level 5. HP: 39/43 MP: 0/0
   404 | D        | Learned a level 2 spell: Searing Ray
   410 | D        | Reached ** piety under Qazlal
   641 | D        | Noticed Pargi
   657 | D        | Killed Pargi
   657 | D        | Reached *** piety under Qazlal
   658 | D        | Reached skill level 5 in Axes
   658 | D        | Reached skill level 5 in Armour
   658 | D        | Reached skill level 7 in Dodging
   658 | D        | Reached XP level 6. HP: 16/50 MP: 0/0
  1097 | D        | Reached **** piety under Qazlal
  1111 | D        | Noticed Ijyb
  1138 | D        | Killed Ijyb
  1518 | D        | Noticed a blink frog
  1531 | D        | Killed a blink frog
  1532 | D        | Reached skill level 8 in Dodging
  1532 | D        | Reached XP level 7. HP: 32/58 MP: 0/0
  1532 | D        | Learned a level 3 spell: Confusing Touch
  1879 | D        | Noticed Pikel
  1907 | D        | Killed Pikel
  1908 | D        | Reached skill level 9 in Dodging
  1908 | D        | Reached XP level 8. HP: 44/65 MP: 0/0
  2347 | D        | Noticed a flayed ghost
  2347 | D        | Noticed a flayed ghost
  2351 | D        | Killed a flayed ghost
  2352 | D        | Reached skill level 10 in Dodging
  2352 | D        | Reached XP level 9. HP: 67/72 MP: 0/0
  2352 | D        | Learned a level 3 spell: Portal Projectile
  2358 | D        | Killed a flayed ghost
  2368 | D        | Noticed a red devil
  2368 | D        | Noticed a cane toad
  2370 | D        | Killed a cane toad
  2370 | D        | Noticed Eustachio
  2371 | D        | Reached skill level 11 in Dodging
  2372 | D        | Reached skill level 10 in Fighting
  2373 | D        | Killed Eustachio
  2375 | D        | Killed a red devil
  2376 | D        | Reached skill level 10 in Armour
  2376 | D        | Reached XP level 10. HP: 55/81 MP: 0/0
  2675 | D        | Noticed a phantasmal warrior
  2675 | D        | Noticed an eight-headed hydra
  2688 | D        | HP: 1/81 [nine-headed hydra (9)]
  2688 | D        | Annihilated by a phantasmal warrior

Illustrated notes

Levels and vault maps discovered:
D:        pitsprint [storerooms_1, entrance_room_1, metal_vault_4, armoury_3,
          mini_pit_1, grid_room_1, main_hall_1, silver_pit, the_coven_1,
          the_vestibule_1, steel_vault_3, golden_pit, hallway_of_sentries,
          crystal_vault_6, iron_vault_2, final_vault]

Skill      XL: |  1  2  3  4  5  6  7  8  9 10 |
---------------+-------------------------------+-----
Armour         | 1 4 5 6 7 8 10 | 10.3
Axes           | 3 4 5 6 7 8 9 |  9.1
Dodging        | 4 6 7 8 9 10 11 | 11.8
Fighting       | 5 7 8 9 10 | 10.6
Invocations    | 2 4 6 7 9 |  9.2
Throwing       | |  1.5

Action                   |  1- 3 |  4- 6 |  7- 9 | 10-12 || total
-------------------------+-------+-------+-------+-------++-------
Melee: Hand axe          |    33 |    87 |    35 |       ||   155
       War axe           |     3 |       |       |       ||     3
       Punch             |       |     2 |       |       ||     2
       Broad axe         |       |       |     5 |     6 ||    11
Invok: Upheaval          |       |       |    15 |     4 ||    19
  Use: Potion            |     1 |     2 |     1 |     4 ||     8
 Stab: Sleeping          |     2 |       |       |       ||     2
       Invisible         |       |     1 |       |       ||     1
Armor: Leather armour    |    11 |    16 |       |       ||    27
       Ring mail         |       |     2 |    12 |     3 ||    17
Dodge: Dodged            |    35 |    61 |    14 |    23 ||   133
       Repelled          |       |     1 |       |       ||     1
Block: Other             |       |    13 |     8 |     3 ||    24
